 Dungeon Crawl Stone Soup version 0.25-a0-510-ge065f6de7d (webtiles) character file.

Game seed: 9127316529359632519, levelgen mode: classic

262145 EnegeticOcto the Champion of Chaos (level 19, 0/148 HPs)
             Began as a Deep Dwarf Fighter on Feb 15, 2020.
             Was the Champion of Makhleb.
             Slain by a quicksilver dragon (13 damage)
             ... on level 4 of the Abyss.
             The game lasted 00:18:49 (16113 turns).

EnegeticOcto the Champion of Chaos (DDFi)          Turns: 16113, Time: 00:18:49

Health: 0/148      AC: 21    Str: 29      XL:     19   Next: 21%
Magic:  5/5        EV: 23    Int: 14 (15) God:    Makhleb [******]
Gold:   1069       SH: 16    Dex: 13      Spells: 18/18 levels left

rFire    . . .     SeeInvis .   a - +5 broad axe (freeze)
rCold    + . .     Gourm    .   z - +2 kite shield {AC+3}
rNeg     + . .     Faith    .   y - +1 chain mail of Olient {rC+ rCorr Int+3}
rPois    +         Spirit   .   x - +2 helmet {Int+3}
rElec    .         Reflect  .   C - +0 cloak
rCorr    +         Harm     +   f - +1 pair of gloves {Str+3}
MR       ++...     Rnd*Rage +   J - +0 pair of boots of the End {rCorr Dex+3} (curse)
Stlth    ..........             I - amulet of harm
HPRegen  0.00/turn              p - ring of Phasing {EV+8, =R}
MPRegen  0.09/turn              v - ring of poison resistance

@: non-regenerating, drained
A: damage resistance, heal wounds, agile 1, [berserk 3], [blurry vision 2],
[clumsy 2], [deformed body], [deterioration 2], dopey 1, [frail 2], negative
energy resistance 1, sense surroundings 3, [screaming 2], evolution 1, no
regeneration
}: 2/15 runes: decaying, gossamer
a: Heal Wounds, Minor Destruction, Lesser Servant of Makhleb, Major Destruction,
Greater Servant of Makhleb, Renounce Religion


You were on level 4 of the Abyss.
You worshipped Makhleb.
Makhleb was exalted by your worship.
You were hungry.

You visited 6 branches of the dungeon, and saw 33 of its levels.
You visited the Abyss 1 time.

You collected 1741 gold pieces.
You spent 672 gold pieces at shops.

Inventory:

Hand Weapons
 a - a +5 broad axe of freezing (weapon)
Armour
 f - a +1 pair of gloves of strength (worn)
 s - a +1 pair of gloves
 x - a +2 helmet of intelligence (worn)
 y - the +1 chain mail of Olient (worn) {rC+ rCorr Int+3}
   (You found it on level 9 of the Dungeon)

   It affects your intelligence (+3).
   It protects you from cold.
   It provides partial protection from all sources of acid and corrosion.
   If you remove this armour, your AC will decrease by 9 (21 -> 12).
 z - a +2 kite shield of protection (worn)
 C - a +0 cloak (worn)
 J - the cursed +0 pair of boots of the End (worn) {rCorr Dex+3}
   (You found it on level 4 of the Lair of Beasts)

   It affects your dexterity (+3).
   It provides partial protection from all sources of acid and corrosion.
   If you remove this armour, your AC will decrease by 1 (21 -> 20).
   It has a curse placed upon it.
Jewellery
 c - an uncursed ring of protection from cold
 g - an uncursed ring of ice
 p - the ring of Phasing (left hand) {EV+8, =R}
   (You found it on level 5 of the Dungeon)

   [ring of evasion]

   It affects your evasion (+8).
 v - a ring of poison resistance (right hand)
 I - an amulet of harm (around neck)
 P - an uncursed amulet of faith {unknown}
Wands
 b - a wand of polymorph (19)
 q - a wand of enslavement (7)
 u - a wand of acid (13) {@V1}
 A - a wand of digging (4) {@V2}
 L - a wand of iceblast (9)
Scrolls
 k - 5 scrolls of teleportation {@r2}
 m - 2 scrolls of immolation {@r4}
 r - 11 scrolls of remove curse {@r6}
 B - 3 scrolls of fog
 D - 6 scrolls of blinking {@r3}
 G - 3 scrolls of identify {@r1}
 H - a scroll of holy word
 K - a scroll of fear
 M - 5 scrolls of magic mapping {@r5}
 Q - 4 scrolls of enchant armour
 S - a scroll of summoning
Potions
 h - 5 potions of ambrosia
 i - 4 potions of berserk rage
 j - 5 potions of brilliance
 l - 11 potions of heal wounds {@q2}
 n - 3 potions of flight
 o - 3 potions of degeneration
 t - a potion of mutation
 w - 3 potions of curing {@q1}
 E - a potion of invisibility
 F - a potion of magic
 N - a potion of haste {@q4}
 O - a potion of agility {@q5}
Comestibles
 e - 40 rations
 T - 5 chunks of flesh


   Skills:
 * Level 15.3(14.2) Fighting
 * Level 17.9(16.8) Axes
 + Level 13.5(12.5) Armour
 + Level 13.2(12.2) Dodging
 + Level 13.6(12.6) Shields
 * Level 19.9(18.7) Invocations


You had 18 spell levels left.
You didn't know any spells.
Your spell library contained the following spells:

 Spells                   Type           Power        Failure   Level  Hunger
 Freeze                   Ice            #...         82%         1    ##.....
 Frozen Ramparts          Ice            #.....       99%         3    ####...
 Ozocubu's Armour         Chrm/Ice       #.......     99%         3    ####...
 Recall                   Summ/Tloc      N/A          99%         3    ####...
 Animate Dead             Necr           N/A          100%        4    #####..
 Hailstorm                Conj/Ice       #.......     100%        4    #####..
 Summon Ice Beast         Ice/Summ       #.......     100%        4    #####..
 Aura of Abjuration       Summ           #.........   100%        5    ######.
 Bolt of Magma            Conj/Fire/Erth #.........   100%        5    ######.
 Borgnjor's Vile Clutch   Necr/Erth      #.........   100%        5    ######.
 Iskenderun's Battlesphe  Conj/Chrm      #.......     100%        5    ######.
 Summon Demon             Summ           #.........   100%        5    ######.
 Summon Forest            Summ/Tloc      #.........   100%        5    ######.
 Summon Mana Viper        Hex/Summ       #.......     100%        5    ######.
 Death Channel            Necr           #.........   100%        6    #######
 Iron Shot                Conj/Erth      #.........   100%        6    #######
 Shadow Creatures         Summ           N/A          100%        6    #######
 Simulacrum               Ice/Necr       #.........   100%        6    #######
 Orb of Destruction       Conj           #.........   100%        7    #######
 Spellforged Servitor     Conj/Summ      #.........   100%        7    #######


Dungeon Overview and Level Annotations

Branches:
Dungeon (15/15)            Temple (1/1) D:5            Lair (4/6) D:11
  Swamp (4/4) Lair:3       Spider (4/4) Lair:4          Orc (0/2) D:10
 Vaults (5/5) D:13         Depths (0/5) D:15
  Crypt: Vaults:2-3

Altars:
Ashenzari
Cheibriados
Dithmenos
Elyvilon
Fedhas
Gozag
Hepliaklqana
Kikubaaqudgha
Makhleb
Nemelex Xobeh
Okawaru
Qazlal
Ru
Sif Muna
Trog
Uskayaw
Vehumet
Wu Jian
Xom
Yredelemnul
Zin
The Shining One
Beogh

Shops:
D:7 =   D:10 %   D:11 *[   D:13 (

Annotations:
Spider:4 2 runed translucent doors, emiel's ghost, journeyman VSFi


Innate Abilities, Weirdness & Mutations

You are resistant to damage.
You can heal yourself by infusing magical energy.
You resist negative energy. (rN+)
You passively map a large area around you.
You do not regenerate.
You are agile. (Dex +2)
You are dopey. (Int -2)
You evolve.
[You have an uncontrollable temper.]
[Scrolls take you longer to read.]
[You are very clumsy. (Dex -4)]
[Armour fits poorly on your strangely shaped body.]
[Your body often deteriorates upon taking damage.]
[You are very frail. (-20% HP)]
[You sometimes yell uncontrollably at your foes.]


Message History

You completely miss the quicksilver dragon.
You block the quicksilver dragon's attack.
The quicksilver dragon completely misses you.
The quicksilver dragon barely misses you.
The quicksilver dragon claws you.
You block the quicksilver dragon's attack. x2
You slice the quicksilver dragon!! You freeze the quicksilver dragon.
The quicksilver dragon is almost dead.
You completely miss the quicksilver dragon.
You are feeling hungry.
The quicksilver dragon barely misses you.
The quicksilver dragon misses you.
The wretched star pulses with an eldritch light!
You feel extremely angry at everything!
You feel the urge to shout.
You feel a strong urge to yell.
You block the quicksilver dragon's attack.
The quicksilver dragon claws you!
You barely miss the quicksilver dragon.
The quicksilver dragon is almost dead.
You hit the quicksilver dragon but do no damage.
The quicksilver dragon breathes dispelling energy at you.
The bolt of dispelling energy misses you.
You block the quicksilver dragon's attack.
The quicksilver dragon claws you but does no damage.
You hear a roar!
You slash the quicksilver dragon! You freeze the quicksilver dragon.
The quicksilver dragon is almost dead.
You slash the quicksilver dragon! You freeze the quicksilver dragon.
The quicksilver dragon misses you.
You block the quicksilver dragon's attack.
The quicksilver dragon bites you!
The quicksilver dragon claws you but does no damage.
You closely miss the quicksilver dragon.
The quicksilver dragon is almost dead.
You slash the quicksilver dragon! You freeze the quicksilver dragon.
You closely miss the vampire.
The quicksilver dragon breathes dispelling energy at you.
The bolt of dispelling energy hits you!!
* * * LOW HITPOINT WARNING * * *
You block the quicksilver dragon's attack.
The quicksilver dragon claws you but does no damage.
The wretched star pulses with an eldritch light!
You feel yourself wasting away.
You feel your body start to fall apart.
You block the quicksilver dragon's attack.
The quicksilver dragon claws you but does no damage.
You hear a roar!
You are too injured to fight recklessly!
You are too injured to fight recklessly!
You are too injured to fight recklessly!
You are too injured to fight recklessly!
You are too injured to fight recklessly!
You are too injured to fight recklessly!
You are too injured to fight recklessly!
You are too injured to fight recklessly!
You are too injured to fight recklessly!
You are too injured to fight recklessly!
You are too injured to fight recklessly!
You are too injured to fight recklessly!
You feel much better.
The quicksilver dragon bites you but does no damage.
The quicksilver dragon claws you but does no damage.
The vampire hits you. You block the vampire's attack.
The wretched star pulses with an eldritch light!
Your vision blurs. x2; You feel clumsy. x2
The quicksilver dragon bites you!
* * * LOW HITPOINT WARNING * * *
The quicksilver dragon completely misses you. x2
The quicksilver dragon claws you but does no damage.
You feel much better. The quicksilver dragon bites you.
You block the quicksilver dragon's attack.
The vampire misses you. You block the vampire's attack.
The quicksilver dragon completely misses you.
The quicksilver dragon claws you but does no damage.
The quicksilver dragon completely misses you. x2
You are too injured to fight recklessly!
You hit the quicksilver dragon. You freeze the quicksilver dragon.
The quicksilver dragon is heavily wounded.
You hit the vampire.
You hit the quicksilver dragon but do no damage.
You block the quicksilver dragon's attack.
The quicksilver dragon claws you! The vampire closely misses you.
The vampire bites you!
The vampire draws strength from your injuries!
The quicksilver dragon breathes dispelling energy at you.
The bolt of dispelling energy hits you!!
* * * LOW HITPOINT WARNING * * *
Your body deteriorates!
You feel dopey. The quicksilver dragon bites you.
You block the quicksilver dragon's attack.
You slash the quicksilver dragon! You freeze the quicksilver dragon.
The quicksilver dragon is severely wounded.
You barely miss the quicksilver dragon. You slash the vampire!
You freeze the vampire.
The vampire is infused with unholy energy.
The vampire draws life force from you and is healed!
An apocalypse crab comes into view.
The quicksilver dragon bites you but does no damage.
You block the quicksilver dragon's attack.
The quicksilver dragon bites you!
You die...

.#.## . #. . . . .
#. ## #. ...###.#
+φ+ # .# .. #....
####### # #
..#....dd#.....#.t
>.#
##...*{D@V©..'..
##.. #
.#.....d#D....#..
#... #.....
####### #
.....##... ##### .
.
.#########*.©####
.. ###)#..* .
....... .... .
....... ...... .
.. ......
.#.#..#.#$ # .
........#.
..##....#


You could see 2 quicksilver dragons, a wretched star, 3 draconians, an
apocalypse crab, a vampire and a lurking horror.

Vanquished Creatures
  Mennas (Vaults:3)
  An ancient lich (Vaults:5)
  Frederick (Vaults:3)
  4 tentacled monstrosities
  A titan (Vaults:5)
  A sphinx (Vaults:4)
  Asterion (Spider:4)
  3 shadow dragons (Vaults:5)
  A storm dragon (Vaults:5)
  A thorn hunter (Swamp:2)
  3 tengu reavers
  2 frost giants (Vaults:5)
  A fire giant (Vaults:2)
  A deep elf sorcerer (Vaults:5)
  3 ghost moths (Spider:4)
  3 emperor scorpions
  6 vault wardens
  8 ironheart preservers
  2 stone giants
  A very ugly thing (Swamp:3)
  3 large abominations (Vaults:5)
  2 entropy weavers
  A spark wasp (Spider:3)
  A minotaur (Lair:2)
  Azrael (D:12)
  Snorg (D:12)
  5 yaktaur captains
  A crystal guardian (Vaults:1)
  A deep elf death mage (Vaults:5)
  4 fire dragons
  2 rakshasas
  24 vault guards
  An ice dragon (Vaults:2)
  2 ghost crabs
  10 hydras
  9 alligators
  9 centaur warriors
  3 shambling mangroves
  A death knight (D:12)
  10 ogre magi
  The ghost of Gruesome the Unseen, a journeyman OpAs of Cheibriados (Lair:2)
  30 two-headed ogres
  A dancing weapon (Vaults:5)
  4 deep elf knights
  Nergalle (D:12)
  3 skeletal warriors (D:15)
  A deep troll (Vaults:4)
  3 glowing orange brains
  5 swamp dragons (Swamp:4)
  A spriggan druid (Swamp:4)
  4 deep elf archers
  5 ironbrand convokers
  4 wizards
  5 unseen horrors
  3 orc knights
  2 necromancers
  A phantasmal warrior (Vaults:5)
  Pikel (D:9)
  An ugly thing (D:12)
  11 orb spiders
  25 wolf spiders
  A mana viper (shapeshifter) (D:13)
  2 orc sorcerers (D:15)
  A wolf spider zombie (D:12)
  A moth of wrath (Spider:2)
  6 deep elf magi
  3 manticores (D:15)
  4 cyclopes
  4 centaur zombies
  4 vault sentinels
  2 gargoyles
  5 spiny frogs
  3 rime drakes (Lair:3)
  14 yaktaurs
  2 kobold demonologists
  3 efreet
  2 freezing wraiths
  10 demonic crawlers
  3 komodo dragons
  A redback zombie (D:15)
  18 jumping spiders
  9 trolls
  3 polar bears
  23 slime creatures
  15 hornets
  4 tyrant leeches
  4 dream sheep (Lair:4)
  5 bog bodies
  9 blink frogs
  A hippogriff (shapeshifter) (D:12)
  4 hippogriffs
  2 shadows
  3 spriggans
  3 wraiths
  A centaur simulacrum (D:15)
  A water elemental (D:15)
  3 fire elementals (D:12)
  5 wyverns
  14 tarantellas
  53 redbacks
  2 basilisks
  14 vampire mosquitoes
  9 yaks
  A steam dragon (D:12)
  2 hungry ghosts
  10 swamp worms
  11 insubstantial wisps
  An acid dragon (D:13)
  4 hell hounds (D:12)
  6 water moccasins
  9 porcupines
  2 sky beasts
  4 swamp drakes
  8 orc warriors
  4 ice beasts
  An eye of draining (D:12)
  2 phantoms
  7 boggarts (Vaults:3)
  21 ogres
  6 wolves (Lair:3)
  3 crocodiles
  13 centaurs
  4 big kobolds
  19 bullfrogs
  A glowing shapeshifter simulacrum (Vaults:2)
  A wyvern skeleton (D:12)
  7 scorpions
  A human simulacrum (Vaults:2)
  16 wights
  8 howler monkeys
  6 electric eels
  A bullfrog zombie (D:9)
  5 crimson imps
  2 quasits
  10 orc priests
  5 hounds
  4 jellies
  6 bullfrog skeletons
  Jessica (D:2)
  5 centaur skeletons
  Terence (D:2)
  4 iguanas
  9 orc wizards
  17 worker ants
  2 hound zombies
  15 adders
  3 shadow imps
  An ooze (D:2)
  An adder zombie (D:9)
  2 adder skeletons
  A worm (D:5)
  4 leopard geckos
  46 orcs
  4 giant cockroaches
  2 goblins
  4 jackals (D:1)
  8 kobolds
  4 quokkas
  A bat (D:2)
  3 frilled lizards
  2 jackal skeletons
  A quokka zombie (D:6)
  2 crawling corpses (Vaults:5)
  A fungus (Lair:3)
879 creatures vanquished.

Vanquished Creatures (collateral kills)
  the Lernaean hydra (Swamp:4)
  A quicksilver dragon (Vaults:5)
  A tengu reaver (Vaults:5)
  3 emperor scorpions (Spider:4)
  3 vault wardens (Vaults:5)
  A war gargoyle (Vaults:5)
  A very ugly thing (Swamp:4)
  A deep elf high priest (Vaults:5)
  8 hydras (Swamp:4)
  5 vault guards (Vaults:5)
  A centaur warrior (Vaults:3)
  A large abomination (Vaults:5)
  3 alligators (Swamp:4)
  3 swamp dragons (Swamp:4)
  2 ironbrand convokers (Vaults:5)
  3 wolf spiders
  7 orb spiders
  6 jumping spiders (Spider:4)
  2 hornets
  A slime creature (Swamp:4)
  A bog body (Swamp:4)
  9 redbacks
  3 tarantellas
  2 swamp worms (Swamp:4)
  A vampire mosquito (Swamp:4)
  An insubstantial wisp (Swamp:4)
  10 swamp drakes (Swamp:4)
81 creatures vanquished.

Vanquished Creatures (others)
  A deep elf archer (Vaults:5)
  A slime creature (Swamp:4)
  2 blink frogs (Swamp:4)
  A slave (D:9)
  A centaur (D:14)
  An orc wizard (D:15)
  An iguana (D:9)
  A shadow imp (D:9)
  An orc (D:9)
10 creatures vanquished.

Grand Total: 970 creatures vanquished

Notes
Turn   | Place    | Note
-------+----------+-------------------------------------------
     0 | D:1      | EnegeticOcto the Deep Dwarf Fighter began the quest for the
                  | Orb.
     0 | D:1      | Reached XP level 1. HP: 20/20 MP: 1/1
    68 | D:2      | Reached XP level 2. HP: 27/27 MP: 2/2
    85 | D:2      | Noticed Terence
   112 | D:2      | Killed Terence
   112 | D:2      | Reached skill level 1 in Dodging
   112 | D:2      | Reached XP level 3. HP: 28/33 MP: 3/3
   143 | D:2      | Noticed Jessica
   148 | D:2      | Killed Jessica
   148 | D:2      | Reached XP level 4. HP: 33/42 MP: 4/4
   305 | D:4      | Noticed a phantom
   356 | D:4      | Killed a phantom
   356 | D:4      | Reached XP level 5. HP: 36/49 MP: 5/5
   469 | D:4      | Reached XP level 6. HP: 25/56 MP: 6/6
   803 | D:4      | Found an ancient bone altar of Kikubaaqudgha.
   996 | D:5      | Entered Level 5 of the Dungeon
   996 | D:5      | Noticed a sky beast
  1008 | D:5      | Killed a sky beast
  1008 | D:5      | Reached skill level 5 in Axes
  1074 | D:5      | Found a staircase to the Ecumenical Temple.
  1107 | Temple   | Entered the Ecumenical Temple
  1205 | Temple   | Became a worshipper of Makhleb the Destroyer
  1255 | D:5      | Found the ring of Phasing {EV+8}
  1281 | D:5      | Reached XP level 7. HP: 59/63 MP: 7/7
  1301 | D:5      | Reached skill level 1 in Invocations
  1681 | D:6      | Gained mutation: You evolve. [potion of mutation]
  1681 | D:6      | Gained mutation: You are dopey. (Int -2) [potion of
                  | mutation]
  1681 | D:6      | Gained mutation: You are agile. (Dex +2) [potion of
                  | mutation]
  1728 | D:6      | Reached skill level 2 in Invocations
  2076 | D:6      | Noticed a fire elemental
  2078 | D:6      | Found a stormy altar of Qazlal.
  2079 | D:6      | Noticed a water elemental
  2079 | D:6      | Noticed an air elemental
  2103 | D:6      | Reached skill level 5 in Armour
  2113 | D:6      | Reached skill level 3 in Invocations
  2186 | D:6      | Reached skill level 5 in Shields
  2186 | D:6      | Reached XP level 8. HP: 43/73 MP: 8/8
  2292 | D:6      | Reached * piety under Makhleb
  2481 | D:7      | Gained mutation: Your magical capacity is low. (-10% MP)
                  | [evolution]
  2550 | D:7      | Reached skill level 4 in Invocations
  2577 | D:7      | Reached skill level 5 in Fighting
  2587 | D:7      | HP: 1/74 [howler monkey (5)]
  2600 | D:7      | Reached skill level 5 in Invocations
  2640 | D:7      | Gained mutation: You passively map the area around you.
                  | [Deep Dwarf growth]
  2640 | D:7      | Reached XP level 9. HP: 64/81 MP: 8/8
  2687 | D:7      | Found Pilakhle's Jewellery Boutique.
  2695 | D:7      | Bought an uncursed ring of poison resistance for 240 gold
                  | pieces
  2980 | D:8      | Reached ** piety under Makhleb
  3127 | D:8      | Reached skill level 6 in Invocations
  3835 | D:9      | Identified a scroll of acquirement
  3835 | D:9      | Identified the ring of Uhuleos {Wiz Dex+6} (You acquired it
                  | on level 9 of the Dungeon)
  3855 | D:9      | Reached skill level 5 in Dodging
  4142 | D:9      | Noticed Pikel
  4150 | D:9      | Killed Pikel
  4150 | D:9      | Reached skill level 7 in Invocations
  4183 | D:9      | Noticed a two-headed ogre
  4184 | D:9      | Noticed a wizard
  4191 | D:9      | Identified the cursed +1 glaive of Nightmares {flame, rElec
                  | rPois Str+4 Int-3}
  4192 | D:9      | Killed a two-headed ogre
  4192 | D:9      | Reached XP level 10. HP: 86/92 MP: 11/11
  4206 | D:9      | Killed a wizard
  4206 | D:9      | Reached skill level 8 in Invocations
  4265 | D:9      | Got a jewelled chain mail
  4276 | D:9      | Identified the +1 chain mail of Olient {rC+ rCorr Int+3}
                  | (You found it on level 9 of the Dungeon)
  4509 | D:10     | Entered Level 10 of the Dungeon
  4510 | D:10     | Found Nofo's Food Emporium.
  4521 | D:10     | Reached *** piety under Makhleb
  4722 | D:10     | Reached skill level 9 in Invocations
  4776 | D:10     | Found a staircase to the Orcish Mines.
  4792 | D:10     | Found a roughly hewn altar of Beogh.
  4811 | D:10     | Reached **** piety under Makhleb
  4890 | D:10     | Killed an unseen horror
  4890 | D:10     | Reached XP level 11. HP: 61/102 MP: 12/12
  5125 | D:11     | Found Huerol's Armour Emporium.
  5127 | D:11     | Noticed a two-headed ogre
  5134 | D:11     | Killed a two-headed ogre
  5162 | D:11     | Found a staircase to the Lair.
  5163 | D:11     | Noticed a fire dragon
  5181 | D:11     | Killed a fire dragon
  5230 | D:11     | Found Sutiogul's Assorted Antiques.
  5249 | D:11     | Bought a glowing helmet for 135 gold pieces
  5328 | D:11     | Found a shadowy altar of Dithmenos.
  5466 | D:11     | Reached skill level 10 in Invocations
  5466 | D:11     | Reached skill level 10 in Axes
  5791 | D:12     | Noticed Nergalle
  5803 | D:12     | Killed Nergalle
  5887 | D:12     | Noticed a deep elf mage
  5888 | D:12     | Noticed a deep elf mage
  5904 | D:12     | Killed a deep elf mage
  5918 | D:12     | Killed a deep elf mage
  5934 | D:12     | Noticed a green ugly thing
  5940 | D:12     | Noticed a death knight
  5942 | D:12     | Killed a green ugly thing
  5956 | D:12     | Killed a death knight
  5962 | D:12     | Noticed a rakshasa
  5964 | D:12     | Noticed a two-headed ogre
  5968 | D:12     | Noticed a centaur warrior
  5973 | D:12     | Noticed a tengu reaver
  5975 | D:12     | Killed a two-headed ogre
  5975 | D:12     | Reached ***** piety under Makhleb
  5975 | D:12     | Reached skill level 11 in Invocations
  5975 | D:12     | Noticed a two-headed ogre
  5976 | D:12     | Noticed a centaur warrior
  5979 | D:12     | Noticed a centaur warrior
  5997 | D:12     | Killed a rakshasa
  5997 | D:12     | Reached XP level 12. HP: 78/114 MP: 12/12
  5999 | D:12     | Killed a centaur warrior
  6014 | D:12     | Killed a two-headed ogre
  6028 | D:12     | Noticed Azrael
  6035 | D:12     | Killed a centaur warrior
  6055 | D:12     | Killed a centaur warrior
  6065 | D:12     | Killed a tengu reaver
  6076 | D:12     | Killed Azrael
  6076 | D:12     | Reached skill level 12 in Invocations
  6264 | D:12     | Noticed Snorg
  6290 | D:12     | Killed Snorg
  6676 | D:12     | Noticed a two-headed ogre
  6684 | D:12     | Killed a two-headed ogre
  6943 | D:13     | Reached skill level 10 in Fighting
  6943 | D:13     | Reached XP level 13. HP: 104/123 MP: 6/6
  7024 | D:13     | Found an ancient bone altar of Kikubaaqudgha.
  7187 | D:13     | Found a gate to the Vaults.
  7267 | D:13     | Found Pael's Antique Weapon Shop.
  7478 | D:13     | Reached skill level 13 in Invocations
  8451 | D:15     | Entered Level 15 of the Dungeon
  8472 | D:15     | Reached ****** piety under Makhleb
  8662 | D:15     | Identified the +0 hat "Paedyg" {rPois Regen+ rCorr Dex-4}
                  | (You acquired it on level 15 of the Dungeon)
  9042 | D:15     | Reached skill level 14 in Invocations
  9042 | D:15     | Gained mutation: You resist negative energy. (rN+) [Deep
                  | Dwarf growth]
  9042 | D:15     | Reached XP level 14. HP: 100/133 MP: 4/4
  9057 | D:15     | Reached skill level 10 in Armour
  9060 | D:15     | Found a staircase to the Depths.
  9069 | D:15     | Reached skill level 10 in Shields
  9446 | D:11     | Bought a +1 kite shield of protection for 297 gold pieces
  9483 | Lair:1   | Entered Level 1 of the Lair of Beasts
  9764 | Lair:2   | Noticed Gruesome's ghost (journeyman OpAs)
  9814 | Lair:2   | Found a runed translucent gate.
  9814 | Lair:2   | Found a runed translucent gate.
  9814 | Lair:2   | Found a runed translucent gate.
  9868 | Lair:2   | Killed Gruesome's ghost
 10437 | Lair:3   | Found a staircase to the Swamp.
 11259 | Lair:4   | Got a pair of faintly humming boots
 11265 | Lair:4   | Identified the cursed +0 pair of boots of the End {rCorr
                  | Dex+3} (You found it on level 4 of the Lair of Beasts)
 11444 | Lair:4   | Found a hole to the Spider Nest.
 11845 | Spider:1 | Entered Level 1 of the Spider Nest
 11847 | Spider:1 | Noticed an emperor scorpion
 11876 | Spider:1 | Killed an emperor scorpion
 11876 | Spider:1 | Reached skill level 15 in Invocations
 11899 | Spider:1 | Reached skill level 10 in Dodging
 12110 | Spider:2 | Reached XP level 15. HP: 144/144 MP: 2/2
 12209 | Spider:3 | Paralysed by a hornet for 3 turns
 12424 | Spider:4 | Entered Level 4 of the Spider Nest
 12434 | Spider:4 | Noticed Asterion
 12448 | Spider:4 | Killed Asterion
 12604 | Spider:4 | Found a large runed translucent door.
 12605 | Spider:4 | Found a large runed translucent door.
 12617 | Spider:4 | Noticed emiel's ghost (journeyman VSFi)
 12743 | Spider:4 | Reached skill level 16 in Invocations
 12825 | Spider:4 | Killed a ghost moth
 12849 | Spider:4 | Killed a ghost moth
 12981 | Spider:4 | Killed a ghost moth
 12981 | Spider:4 | Reached skill level 15 in Axes
 12990 | Spider:4 | Got a gossamer rune of Zot
 13098 | Swamp:1  | Entered Level 1 of the Swamp
 13123 | Swamp:1  | Reached XP level 16. HP: 136/154 MP: 4/4
 13136 | Swamp:2  | Noticed a thorn hunter
 13156 | Swamp:2  | Killed a thorn hunter
 13603 | Swamp:4  | Entered Level 4 of the Swamp
 13815 | Swamp:4  | Reached skill level 17 in Invocations
 14087 | Swamp:4  | Noticed the 27-headed Lernaean hydra
 14089 | Swamp:4  | Killed the 27-headed Lernaean hydra
 14115 | Swamp:4  | Got a decaying rune of Zot
 14615 | Vaults:1 | Entered Level 1 of the Vaults
 14656 | Vaults:1 | Reached XP level 17. HP: 159/164 MP: 5/5
 14962 | Vaults:2 | Reached skill level 18 in Invocations
 15294 | Vaults:3 | Noticed Mennas
 15331 | Vaults:3 | Killed Mennas
 15412 | Vaults:3 | Noticed a tentacled monstrosity
 15420 | Vaults:3 | Killed a tentacled monstrosity
 15444 | Vaults:3 | Noticed Frederick
 15451 | Vaults:3 | Killed Frederick
 15451 | Vaults:3 | Gained mutation: You passively map a large area around you.
                  | [Deep Dwarf growth]
 15451 | Vaults:3 | Reached XP level 18. HP: 118/176 MP: 7/7
 15652 | Vaults:4 | Lost mutation: Your magical capacity is low. (-10% MP)
                  | [evolution]
 15779 | Vaults:4 | Paralysed by a sphinx for 4 turns
 15817 | Vaults:4 | Reached skill level 19 in Invocations
 15878 | Vaults:5 | Entered Level 5 of the Vaults
 15878 | Vaults:5 | Noticed a tentacled monstrosity
 15878 | Vaults:5 | Noticed a tentacled monstrosity
 15885 | Vaults:5 | Noticed an ancient lich
 15896 | Vaults:5 | Killed a tentacled monstrosity
 15913 | Vaults:5 | Killed a tentacled monstrosity
 15922 | Vaults:5 | Killed an ancient lich
 15925 | Vaults:5 | Reached skill level 15 in Fighting
 15925 | Vaults:5 | Noticed a tentacled monstrosity
 15941 | Vaults:5 | Killed a tentacled monstrosity
 15999 | Vaults:5 | Paralysed by a floating eye for 2 turns
 16018 | Vaults:5 | Reached XP level 19. HP: 102/186 MP: 8/8
 16069 | Vaults:5 | Cast into level 4 of the Abyss (a lich)
 16082 | Abyss:4  | Found a transporter.
 16113 | Abyss:4  | Slain by a quicksilver dragon

Levels and vault maps discovered:
D:1:      ebering_trefoil_twist, layout_basic, kennysheep_decorative_pillar
D:2:      layout_basic, first_ration, kennysheep_path_1, uniq_terence,
          uniq_jessica, uniq_natasha
D:3:      layout_basic, uniq_crazy_yiuf_cottage
D:4:      layout_loops_cross, kennysheep_little_box
D:5:      layout_loops_ring, minmay_temple_entry_overgrown
D:6:      layout_basic, nicolae_qazlal_style_of_elements
D:7:      layout_rooms, serial_shops, shop, the_bakery
D:8:      layout_basic
D:9:      layout_loops_cross, minmay_pinched_square, uniq_pikel
D:10:     layout_cave_pools, minmay_orc_entry_temple_small, serial_shops,
          nicolae_shop_waterfront, minivault_14
D:11:     layout_rooms, minmay_lair_entry_lava, serial_shops, shop,
          nicolae_shop_overgrown_old_shop, bh_chokoban,
          nicolae_dithmenos_the_darkroom
D:12:     evilmike_diamond_2, layout_irregular_city, uniq_nergalle, uniq_azrael,
          uniq_snorg
D:13:     layout_loops_ring, david_vaults_5, serial_shops, shop, basic_altar,
          hex_large
D:14:     layout_roguey, chequers_serial_rivers_small_a,
          minmay_misc_feat_columns
D:15:     grunt_enter_depths_magical_seal, layout_basic, chequers_jeans,
          corexii_hall_statues_i, grunt_ministairs_6
Temple:   kilobyte_greek_temple
Lair:1:   layout_loops_ring, chequers_serial_rivers_room_b,
          hangedman_lair_generics_rect, grunt_megastairs_4, uniq_maggie
Lair:2:   layout_chaotic_city, maelrawn_ghost_gauntlet_escape
Lair:3:   beast_lair_carwin_large_2, layout_chaotic_city, swamp_mist,
          infiniplex_staircase_pool
Lair:4:   layout_long_grid, spider_nest_entry_rubble, grunt_megastairs_3
Swamp:1:  layout_basic_swamp, evilmike_swamp_ruin_house_3
Swamp:2:  layout_falls_marsh, evilmike_swamp_ruin_house_1
Swamp:3:  layout_basic_swamp, hangedman_swamp_lotus, hangedman_swamp_blocks,
          swamp_pool4
Swamp:4:  swamp_basic_johnstein, layout_basic_swamp
Spider:1: layout_spider_delve, gammafunk_ghost_split, minmay_another_anthill
Spider:2: layout_spider_delve
Spider:3: layout_spider_delve
Spider:4: guppyfry_spider_rune, ebering_ghost_disaster_area, uniq_asterion
Vaults:1: v_misc_23, nicolae_vaults_network_s, hangedman_vaults_cutoff,
          vaults_room_ringed_pool, nicolae_vaults_three_branches, v_pattern_4,
          vaults_mumra_minichess_inversion, vaults_room_guarded_vault,
          vaults_dpeg_diagonal, v_rooms_2, ontoclasm_vaults_hangar,
          nicolae_vaults_big_angled_halls, layout_vaults_omnibox
Vaults:2: hangedman_vaults_cutoff, v_pattern_3, v_misc_14,
          blue_anna_dwarven_crypt, v_rooms_1, v_rooms_3, ontoclasm_vaults_pinch,
          vaults_standard_mumra_enter_the_diamond, ontoclasm_vaults_eye,
          st_lines, vaults_dpeg_ring, layout_vaults_omnicross
Vaults:3: hangedman_vaults_stagger, v_misc_29, hangedman_vaults_slice,
          dpeg_vaults_pockets_of_resistance, hangedman_vaults_nails,
          v_pattern_5, v_misc_25, nicolae_vaults_little_squares_2,
          nicolae_vaults_rhombus_6, vaults_room_pools, dpeg_vaults_monster_box,
          grunt_vaults_hallway_short, layout_vaults_quadrants, uniq_mennas,
          uniq_frederick
Vaults:4: nicolae_vaults_inception_corners, v_misc_32, nicolae_vaults_little_ls,
          v_misc_18, v_misc_14, vaults_room_pools, v_misc_27,
          grunt_vaults_twisty, ontoclasm_vaults_fault, v_rooms_6,
          ontoclasm_vaults_claustrophobia, layout_vaults_maze_snakey,
          uniq_aizul, uniq_xtahua
Vaults:5: uniq_bai_suzhen
Abyss:4:  base: D:11, gammafunk_abyss_rune_reverse_zot, minivault_25,
          hangedman_abyss_or_decor_slice

Skill      XL: |  1  2  3  4  5  6  7  8  9 10 11 12 13 14 15 16 17 18 |
---------------+-------------------------------------------------------+-----
Axes           | 3 4 5 7 8 9 10 11 12 14 15 16 17 | 17.9
Dodging        | 1 2 3 4 5 6 7 8 9 10 11 12 13 | 13.2
Fighting       | 3 4 5 6 7 9 10 11 12 13 14 15 | 15.3
Armour         | 4 5 6 7 8 9 10 11 12 13 | 13.5
Shields        | 4 5 6 7 8 9 10 11 12 13 | 13.6
Invocations    | 3 5 7 9 11 12 14 15 16 17 18 19 | 19.9

Action                   |  1- 3 |  4- 6 |  7- 9 | 10-12 | 13-15 | 16-18 | 19-21 || total
-------------------------+-------+-------+-------+-------+-------+-------+-------++-------
Melee: War axe           |    51 |   156 |   312 |       |       |       |       ||   519
       Broad axe         |       |       |    46 |   556 |  1117 |   957 |    51 ||  2727
Invok: Lesser Servant of |       |       |       |       |     8 |       |       ||     8
       Greater Servant o |       |       |       |       |     8 |    12 |     2 ||    22
 Abil: Heal Wounds       |     1 |     4 |     9 |    37 |    18 |    13 |    12 ||    94
Evoke: Wand              |       |       |       |       |       |     4 |       ||     4
  Use: Scroll            |       |       |    16 |     4 |    13 |     6 |       ||    39
       Potion            |       |       |     1 |       |     2 |     9 |       ||    12
 Stab: Distracted        |       |       |     1 |     1 |     4 |     7 |       ||    13
       Held in net/web   |       |       |       |       |     1 |       |       ||     1
       Confused          |       |       |       |       |       |     1 |       ||     1
       Invisible         |       |       |       |       |       |     1 |       ||     1
  Eat: Chunk             |       |    19 |    16 |     3 |    16 |     5 |       ||    59
       Ration            |       |       |     1 |     2 |     1 |     2 |       ||     6
Armor: Scale mail        |    30 |    17 |       |       |       |       |       ||    47
       Chain mail        |       |    60 |    76 |   236 |   402 |   375 |    44 ||  1193
       Plate armour      |       |       |    23 |    10 |       |       |       ||    33
       Skin              |       |       |       |       |       |     4 |       ||     4
Dodge: Dodged            |    24 |    49 |   217 |   545 |   976 |   806 |    72 ||  2689
Block: Kite shield       |    33 |    97 |   225 |   561 |   970 |   780 |    67 ||  2733
       Reflection        |       |       |       |     5 |    26 |       |       ||    31

Table legend:
 A = Non-vault XP
 B = Vault XP
 C = Vault XP percentage of total XP
 D = Non-vault monster count
 E = Vault monster count
 F = Vault count percentage of total count
                 A         B        C        D         E       F
            +---------+---------+-------+---------+---------+-------
      Total |  210649 |  187214 |  47.1 |     697 |     264 |  27.5
            +---------+---------+-------+---------+---------+-------
        D:1 |      11 |       0 |   0.0 |       6 |       0 |   0.0
        D:2 |      41 |      73 |  64.0 |       8 |       2 |  20.0
        D:3 |       4 |       0 |   0.0 |       2 |       0 |   0.0
        D:4 |     453 |       0 |   0.0 |      20 |       0 |   0.0
        D:5 |     337 |       0 |   0.0 |       7 |       0 |   0.0
        D:6 |     705 |       0 |   0.0 |      22 |       0 |   0.0
        D:7 |    1170 |     220 |  15.8 |      24 |       1 |   4.0
        D:8 |    1045 |       0 |   0.0 |      14 |       0 |   0.0
        D:9 |    1047 |    2581 |  71.1 |      19 |      11 |  36.7
       D:10 |    3353 |     310 |   8.5 |      39 |      10 |  20.4
       D:11 |    2596 |    1055 |  28.9 |      12 |       1 |   7.7
       D:12 |    4432 |   17032 |  79.4 |      31 |      36 |  53.7
       D:13 |    7857 |     997 |  11.3 |      41 |       1 |   2.4
       D:14 |    7187 |       0 |   0.0 |      27 |       0 |   0.0
       D:15 |   11343 |    5425 |  32.4 |      28 |      12 |  30.0
     Lair:1 |     375 |    1470 |  79.7 |       3 |       6 |  66.7
     Lair:2 |    1002 |    2360 |  70.2 |       4 |       3 |  42.9
     Lair:3 |    3946 |     730 |  15.6 |      21 |       7 |  25.0
     Lair:4 |    5966 |     342 |   5.4 |      19 |       2 |   9.5
    Swamp:1 |    1793 |       0 |   0.0 |       5 |       0 |   0.0
    Swamp:2 |    5319 |       0 |   0.0 |      13 |       0 |   0.0
    Swamp:3 |   13344 |       0 |   0.0 |      34 |       0 |   0.0
    Swamp:4 |   18588 |   15100 |  44.8 |      52 |      29 |  35.8
   Spider:1 |   12454 |       0 |   0.0 |      38 |       0 |   0.0
   Spider:2 |   10683 |       0 |   0.0 |      32 |       0 |   0.0
   Spider:3 |   12657 |       0 |   0.0 |      40 |       0 |   0.0
   Spider:4 |    8117 |   22386 |  73.4 |      23 |      40 |  63.5
   Vaults:1 |    7701 |   16931 |  68.7 |       7 |      25 |  78.1
   Vaults:2 |   31698 |    4629 |  12.7 |      50 |       5 |   9.1
   Vaults:3 |   10634 |   29332 |  73.4 |      21 |      22 |  51.2
   Vaults:4 |   11132 |     276 |   2.4 |      16 |       1 |   5.9
   Vaults:5 |   13659 |   65965 |  82.8 |      19 |      50 |  72.5
            +---------+---------+-------+---------+---------+-------
